 Dungeon Crawl Stone Soup version 0.23-a0-8-gb809bb7 (console) character file.

107 swinepaste the Ducker (level 4, -7/37 HPs)
             Began as a Demonspawn Monk on Aug 1, 2018.
             Mangled by a phantom (9 damage)
             ... on level 4 of the Dungeon.
             The game lasted 00:06:00 (3280 turns).

swinepaste the Ducker (Demonspawn Monk)             Turns: 3280, Time: 00:06:01

Health: -7/37      AC:  2    Str: 12    XL:     4   Next: 57%
Magic:  4/4        EV: 15    Int: 11    God:
Gold:   182        SH:  0    Dex: 18    Spells: 3/3 levels left

rFire    . . .     SeeInvis .   a - +0 falchion
rCold    . . .     Gourm    .   (no shield)
rNeg     . . .     Faith    .   b - +0 robe
rPois    .         Spirit   .   (no helmet)
rElec    .         Reflect  .   (no cloak)
rCorr    .         Harm     .   (no gloves)
MR       .....                  (no boots)
Stlth    +++.......             (no amulet)
HPRegen  0.12/turn              (no ring)
MPRegen  0.09/turn              (no ring)

@: no status effects
A: thin skeletal structure 1
a: no special abilities


You were on level 4 of the Dungeon.
You were hungry.

You visited 1 branch of the dungeon, and saw 4 of its levels.

You collected 182 gold pieces.

Inventory:

Hand Weapons
 a - a +0 falchion (weapon)
 o - a +1 dagger of freezing
Armour
 b - a +0 robe (worn)
Scrolls
 d - a scroll of remove curse
 e - 5 scrolls of identify {unknown}
 g - 3 scrolls of teleportation {unknown}
 h - a scroll of fog {unknown}
 i - a scroll of random uselessness {unknown}
 k - a scroll of immolation {unknown}
 q - 2 scrolls of magic mapping {unknown}
 r - a scroll of amnesia {unknown}
Potions
 f - a potion of flight
 l - 2 potions of curing
 m - a potion of magic {unknown}
 n - 2 potions of might {unknown}
 p - a potion of brilliance {unknown}
 s - a potion of heal wounds {unknown}
Comestibles
 c - 8 rations


   Skills:
 - Level 3.7 Fighting
 - Level 2.6 Long Blades
 - Level 4.1 Dodging
 + Level 2.5 Stealth


You had 3 spell levels left.
You didn't know any spells.
Your spell library was empty.

Dungeon Overview and Level Annotations

Branches:
Dungeon (4/15)
 Temple: D:4-7

Altars:
Dithmenos
Vehumet
Yredelemnul
The Shining One


Innate Abilities, Weirdness & Mutations

You have a somewhat thin skeletal structure. (Dex +2, Stealth)


Message History

You barely miss the phantom.
The phantom is almost destroyed.
The phantom blinks!
The phantom blinks!
You hit the phantom.
The phantom is almost destroyed.
The phantom barely misses you.
You closely miss the phantom.
The phantom is almost destroyed.
The phantom blinks!
The phantom blinks!
You closely miss the phantom.
The phantom is almost destroyed.
The phantom hits you.
* * * LOW HITPOINT WARNING * * *
The phantom blinks!
You completely miss the phantom.
The phantom is almost destroyed.
The phantom hits you!
You die...

### #.####
##....
###...#######
+............
###...W#.#.#
+.<6...#
#......#
#......#
#......#
#......#
#.ยข....#
..........#
####.##.#..#
... .#..#


You could see a phantom.

Vanquished Creatures
  An orc priest (D:2)
  An adder (D:2)
  An ooze (D:1)
  4 worms
  2 orcs
  2 giant cockroaches
  4 goblins
  8 hobgoblins
  3 jackals (D:2)
  4 quokkas
  A ball python (D:3)
  5 bats
  3 frilled lizards
  8 kobolds
  6 rats
53 creatures vanquished.

Notes
Turn   | Place    | Note
-------+----------+-------------------------------------------
     0 | D:1      | swinepaste the Demonspawn Monk began the quest for the Orb.
     0 | D:1      | Reached XP level 1. HP: 18/18 MP: 1/1
   262 | D:1      | Reached skill level 3 in Dodging
   655 | D:1      | Gained mutation: You have a somewhat thin skeletal structure. (Dex +2, Stealth) [demonic ancestry]
   655 | D:1      | Reached XP level 2. HP: 12/24 MP: 2/2
  1050 | D:2      | Reached XP level 3. HP: 20/29 MP: 3/3
  1160 | D:2      | Found a basalt altar of Yredelemnul.
  1521 | D:2      | Reached skill level 4 in Dodging
  1521 | D:2      | Reached XP level 4. HP: 9/37 MP: 4/4
  2194 | D:3      | Found a radiant altar of Vehumet.
  2194 | D:3      | Found a glowing golden altar of the Shining One.
  2194 | D:3      | Found a shadowy altar of Dithmenos.
  3230 | D:4      | Noticed a phantom
  3278 | D:4      | HP: 1/37 [phantom (5)]
  3280 | D:4      | Mangled by a phantom

Vault maps used:
D:1:      kilobyte_arrival_exit_the_forest, kennysheep_doodads,
          minmay_misc_feat_enclosed
D:2:      lemuel_doored_altar, first_ration
D:3:      grunt_temple_overflow_open, minmay_tree_intersection
D:4:      makhleb_blood_cavern_becter, serial_shops, nicolae_shop_stone

Skill      XL: |  1  2  3  4 |
---------------+-------------+-----
Dodging        | 3 4 |  4.1
Stealth        | 2 |  2.5
Fighting       | |  3.7
Long Blades    | |  2.6

Action                   |  1- 3 |  4- 6 || total
-------------------------+-------+-------++-------
Melee: Falchion          |    64 |    17 ||    81
       Dagger            |    38 |    83 ||   121
  Use: Potion            |     2 |       ||     2
       Scroll            |       |     1 ||     1
 Stab: Sleeping          |     2 |     3 ||     5
  Eat: Chunk             |     2 |     5 ||     7
Armor: Robe              |    15 |    12 ||    27
Dodge: Dodged            |    78 |    68 ||   146
       Rpst.: Falchion   |    15 |     2 ||    17

Table legend:
 A = Spawn XP
 B = Non-spawn XP
 C = Spawn XP percentage of total XP
 D = Spawn monster count
 E = Non-spawn monster count
 F = Spawn count percentage of total count
 G = Total turns spent on level
                    A         B        C        D         E        F      G
               +---------+---------+-------+---------+---------+-------+---------
         Total |       0 |     154 |   0.0 |       0 |      53 |   0.0 |  3280
               +---------+---------+-------+---------+---------+-------+---------
           D:1 |       0 |      28 |   0.0 |       0 |      15 |   0.0 |   972
           D:2 |       0 |      92 |   0.0 |       0 |      20 |   0.0 |   921
           D:3 |       0 |      34 |   0.0 |       0 |      18 |   0.0 |  1337
               +---------+---------+-------+---------+---------+-------+---------
